[ AOE2 MATCH · #483143373 ]
1v1 RMKhmer vs Sicilians
Player's team · LOSS
[ REPLAY ANALYSIS · EXTRACTED FROM THE RECORDED GAME ]
Feudal
9:19
Castle
—
Imperial
—
| APM avg | 31.7 |
| APM peak | 73 |
| eAPM avg | 13.3 |
| Villagers / military | 54 / 8 |
Focus
⚔️ 8.6% · 🌾 91.4%
Skirmisher ×5 · Archer ×3
Feudal
11:36
Castle
—
Imperial
—
| APM avg | 32.1 |
| APM peak | 68 |
| eAPM avg | 14.3 |
| Villagers / military | 42 / 31 |
Focus
⚔️ 23.0% · 🌾 77.0%
Militia ×12 · Serjeant ×10 · Archer ×7 · Spearman ×2
Match map
Resources at game start + every placement click. Thick line = wall · dashed box = detected house wall. 🟡 gold · ⚪ stone · 🟢 berries · 🔶 boar · ⭕ relic
Inputs per minute
— NomadX - - Don Mateo
Build order — NomadX
97 actions detected in the replay
| 0:03 | Build | House |
| 0:04 | Build | House |
| 0:15 | Create | Villager (Male) |
| 0:16 | Create | Villager (Male) |
| 0:16 | Create | Villager (Male) |
| 0:16 | Create | Villager (Male) |
| 0:17 | Create | Villager (Male) |
| 1:38 | Create | Villager (Male) |
| 1:38 | Create | Villager (Male) |
| 2:05 | Build | Lumber Camp |
| 2:09 | Create | Villager (Male) |
| 2:09 | Create | Villager (Male) |
| 2:36 | Create | Villager (Male) |
| 2:36 | Create | Villager (Male) |
| 2:55 | Build | House |
| 3:02 | Create | Villager (Male) |
| 3:02 | Create | Villager (Male) |
| 3:23 | Create | Villager (Male) |
| 3:23 | Create | Villager (Male) |
| 4:12 | Create | Villager (Male) |
| 4:12 | Create | Villager (Male) |
| 4:12 | Create | Villager (Male) |
| 5:18 | Create | Villager (Male) |
| 5:18 | Create | Villager (Male) |
| 5:19 | Create | Villager (Male) |
| 5:40 | Create | Villager (Male) |
| 5:40 | Create | Villager (Male) |
| 5:40 | Create | Villager (Male) |
| 6:00 | Research | Loom |
| 7:09 | Research | Feudal Age |
| 7:23 | Build | Mill |
| 7:32 | Build | House |
| 8:08 | Build | Palisade Wall |
| 8:35 | Build | Farm |
| 8:35 | Build | Farm |
| 8:36 | Build | Farm |
| 8:49 | Create | Villager (Male) |
| 8:50 | Create | Villager (Male) |
| 8:51 | Create | Villager (Male) |
| 9:19 | Age | Feudal Age |
| 9:22 | Research | Double-Bit Axe |
| 9:26 | Research | Horse Collar |
| 9:41 | Build | Mining Camp |
| 9:44 | Create | Villager (Male) |
| 10:20 | Build | House |
| 10:29 | Create | Villager (Male) |
| 10:46 | Build | Archery Range |
| 10:55 | Build | House |
| 11:04 | Build | Farm |
| 11:11 | Build | Farm |
| 11:20 | Create | Villager (Male) |
| 11:21 | Create | Villager (Male) |
| 11:26 | Build | Farm |
| 11:31 | Create | Villager (Male) |
| 11:44 | Build | Farm |
| 11:47 | Create | Villager (Male) |
| 11:51 | Create | Archer |
| 11:51 | Create | Archer |
| 12:38 | Create | Archer |
| 13:09 | Build | Barracks |
| 14:13 | Create | Villager (Male) |
| 14:13 | Create | Villager (Male) |
| 14:13 | Create | Villager (Male) |
| 14:14 | Create | Villager (Male) |
| 14:14 | Create | Villager (Male) |
| 15:05 | Create | Villager (Male) |
| 15:05 | Create | Villager (Male) |
| 15:05 | Create | Villager (Male) |
| 16:20 | Build | Archery Range |
| 17:02 | Create | Villager (Male) |
| 17:02 | Create | Villager (Male) |
| 17:03 | Create | Villager (Male) |
| 17:42 | Create | Skirmisher |
| 17:42 | Create | Skirmisher |
| 18:29 | Build | Watch Tower |
| 19:49 | Create | Skirmisher |
| 19:49 | Create | Skirmisher |
| 20:28 | Create | Villager (Male) |
| 20:47 | Create | Skirmisher |
| 21:53 | Create | Villager (Male) |
| 21:53 | Create | Villager (Male) |
| 21:54 | Create | Villager (Male) |
| 21:54 | Create | Villager (Male) |
| 22:23 | Build | Farm |
| 22:23 | Build | Farm |
| 22:53 | Build | House |
| 23:21 | Build | House |
| 23:24 | Build | House |
| 24:36 | Build | Mining Camp |
| 24:53 | Create | Villager (Male) |
| 24:53 | Create | Villager (Male) |
| 24:53 | Create | Villager (Male) |
| 24:54 | Create | Villager (Male) |
| 24:54 | Create | Villager (Male) |
| 25:48 | Build | Stone Wall |
| 26:01 | Build | Stone Wall |
| 26:06 | Build | Stone Wall |
Build order — Don Mateo
114 actions detected in the replay
| 0:00 | Create | Villager (Male) |
| 0:02 | Build | House |
| 0:04 | Build | House |
| 0:08 | Create | Villager (Male) |
| 0:08 | Create | Villager (Male) |
| 0:08 | Create | Villager (Male) |
| 0:08 | Create | Villager (Male) |
| 1:24 | Create | Villager (Male) |
| 1:24 | Create | Villager (Male) |
| 2:00 | Create | Villager (Male) |
| 2:00 | Create | Villager (Male) |
| 2:22 | Create | Villager (Male) |
| 3:03 | Build | House |
| 3:09 | Build | Lumber Camp |
| 3:11 | Create | Villager (Male) |
| 3:11 | Create | Villager (Male) |
| 3:12 | Create | Villager (Male) |
| 3:42 | Create | Villager (Male) |
| 3:42 | Create | Villager (Male) |
| 4:16 | Create | Villager (Male) |
| 4:16 | Create | Villager (Male) |
| 4:47 | Build | House |
| 5:06 | Create | Villager (Male) |
| 5:51 | Create | Villager (Male) |
| 6:24 | Create | Villager (Male) |
| 6:47 | Create | Villager (Male) |
| 6:49 | Research | Loom |
| 7:29 | Build | Mill |
| 7:46 | Build | House |
| 7:57 | Build | Mining Camp |
| 8:01 | Create | Villager (Male) |
| 8:19 | Create | Villager (Male) |
| 8:27 | Create | Villager (Male) |
| 8:30 | Research | Feudal Age |
| 8:40 | Build | Farm |
| 8:54 | Build | Mining Camp |
| 8:58 | Build | House |
| 10:12 | Build | Barracks |
| 10:15 | Create | Villager (Male) |
| 10:15 | Create | Villager (Male) |
| 10:37 | Build | Farm |
| 10:38 | Build | Farm |
| 10:40 | Build | Farm |
| 11:02 | Create | Villager (Male) |
| 11:10 | Build | Donjon |
| 11:12 | Create | Militia |
| 11:22 | Build | House |
| 11:29 | Build | Palisade Wall |
| 11:36 | Age | Feudal Age |
| 11:42 | Create | Spearman |
| 11:42 | Research | Man-at-Arms (upgrade) |
| 11:43 | Research | Arson |
| 11:47 | Create | Villager (Male) |
| 11:56 | Create | Villager (Male) |
| 12:27 | Build | Donjon |
| 12:41 | Create | Serjeant ×2 |
| 13:28 | Create | Militia |
| 13:33 | Create | Villager (Male) |
| 13:33 | Create | Villager (Male) |
| 13:45 | Research | Double-Bit Axe |
| 14:33 | Create | Serjeant ×2 |
| 14:38 | Create | Spearman |
| 15:19 | Create | Serjeant |
| 15:22 | Create | Militia ×2 |
| 16:04 | Create | Villager (Male) |
| 16:05 | Create | Villager (Male) |
| 16:08 | Build | House |
| 16:08 | Build | House |
| 16:09 | Build | House |
| 16:15 | Build | Lumber Camp |
| 16:19 | Build | Blacksmith |
| 16:24 | Build | Market |
| 16:43 | Build | Mining Camp |
| 17:30 | Create | Militia ×4 |
| 17:39 | Build | Farm |
| 17:40 | Build | Farm |
| 18:14 | Research | Horse Collar |
| 19:49 | Create | Militia |
| 20:01 | Build | Donjon |
| 20:15 | Research | Fletching |
| 20:16 | Research | Scale Mail Armor |
| 20:24 | Build | Farm |
| 20:25 | Build | Farm |
| 20:26 | Build | Farm |
| 20:27 | Build | Farm |
| 20:28 | Build | Farm |
| 20:45 | Build | Archery Range |
| 21:02 | Create | Villager (Male) |
| 21:02 | Create | Villager (Male) |
| 21:05 | Build | Farm |
| 21:20 | Create | Archer |
| 21:20 | Create | Archer |
| 21:33 | Build | Donjon |
| 21:57 | Create | Militia ×3 |
| 22:04 | Create | Archer ×5 |
| 22:47 | Create | Villager (Male) |
| 22:52 | Research | Wheelbarrow |
| 23:00 | Build | Farm |
| 23:01 | Build | Farm |
| 23:06 | Build | Farm |
| 23:09 | Create | Villager (Male) |
| 23:24 | Build | Lumber Camp |
| 24:17 | Research | Forging |
| 24:17 | Create | Villager (Male) |
| 24:17 | Create | Villager (Male) |
| 24:17 | Create | Villager (Male) |
| 25:02 | Build | Donjon |
| 25:26 | Create | Villager (Male) |
| 25:29 | Build | Farm |
| 25:30 | Create | Villager (Male) |
| 25:35 | Build | House |
| 26:06 | Build | Donjon |
| 26:15 | Create | Serjeant ×5 |
| 27:16 | Build | Mining Camp |
Match timeline
| 8:08 | NomadX · wall_segment Palisade Wall x5 |
| 9:19 | NomadX · age_up feudal |
| 10:12 | Don Mateo · first_building Barracks |
| 10:46 | NomadX · first_building Archery Range |
| 11:10 | Don Mateo · first_building Donjon |
| 11:29 | Don Mateo · wall_segment Palisade Wall x1 |
| 11:36 | Don Mateo · age_up feudal |
| 13:09 | NomadX · first_building Barracks |
| 20:45 | Don Mateo · first_building Archery Range |
| 25:48 | NomadX · wall_segment Stone Wall x1 |
| 26:01 | NomadX · wall_segment Stone Wall x1 |
| 26:06 | NomadX · wall_segment Stone Wall x1 |
| 27:43 | NomadX · resign |
[ AI ANALYSIS · 1 CREDIT ]
What really happened in this match?
Wolo.gg analyzes every decision: build order, eco, micro, common mistakes by bracket. Personalized analysis on WhatsApp or Discord in 30 seconds.
Civ guide
Khmer
Map guide
Kilimanjaro
Perfil
NomadX